 Dungeon Crawl Stone Soup version 0.31-a0-95-g6fa058ef04 (webtiles) character file.

Game seed: 16093604354589878579

458 Midn8 the Slasher (level 7, -2/50 HPs)
             Began as a Formicid Reaver on May 25, 2023.
             Was a Believer of Qazlal.
             Slain by a goblin
             ... wielding a +0 club
             ... led by Robin
              (5 damage)
             ... on level 4 of the Dungeon.
             The game lasted 00:09:51 (3660 turns).

Midn8 the Slasher (Formicid Reaver)                 Turns: 3660, Time: 00:09:51

Health: -2/50      AC:  3    Str: 17    XL:     7   Next: 27%
Magic:  10/11      EV: 11    Int: 18    God:    Qazlal [**....]
Gold:   108        SH:  3    Dex: 14    Spells: 9/12 levels left

rFire   . . .        a - +0 falchion
rCold   . . .        (no shield)
rNeg    . . .        b - +0 leather armour
rPois   .            (helmet unavailable)
rElec   .            (no cloak)
rCorr   .            (no gloves)
SInv    +            (no boots)
Will    .....        (no amulet)
Stlth   +            i - +6 ring of intelligence
HPRegen 0.28/turn    (no ring)
MPRegen 0.12/turn

%: no passive effects
@: no status effects
A: permanent stasis, dig shafts and tunnels, antennae 3, four strong arms
a: Dig, Shaft Self, Renounce Religion, Upheaval


You were on level 4 of the Dungeon.
You worshipped Qazlal.
Qazlal was pleased with you.
You visited 1 branch of the dungeon, and saw 4 of its levels.

You collected 160 gold pieces.
You spent 52 gold pieces at shops.

Inventory:

Hand Weapons
 a - a +0 falchion (weapon)
Armour
 b - a +0 leather armour (worn)
Jewellery
 i - a +6 ring of intelligence (left hand)
Wands
 g - a wand of roots (3)
Scrolls
 c - a scroll of poison
 d - 2 scrolls of noise
 m - a scroll of amnesia
 p - a scroll of teleportation
Potions
 e - 2 potions of ambrosia {unknown}
 f - a potion of might {unknown}
 h - a potion of enlightenment {unknown}
 j - 3 potions of curing
 k - a potion of brilliance
 l - 2 potions of heal wounds
 o - 3 potions of mutation {unknown}


   Skills:
 - Level 2.1 Fighting
 - Level 6.0 Long Blades
 - Level 1.7 Dodging
 - Level 3.0 Spellcasting
 + Level 3.6 Conjurations
 - Level 4.0 Invocations


You had 9 spell levels left.
You knew the following spells:

 Your Spells              Type           Power      Damage    Failure   Level
a - Kiss of Death         Conj/Necr      28%        2d7       11%         1
s - Momentum Strike       Conj/Tloc      14%        3d8       17%         2

Your spell library contained the following spells:

 Spells                   Type           Power      Damage    Failure   Level
 Magic Dart               Conj           60%        1d6       4%          1
 Searing Ray              Conj           30%        2d5       7%          2
 Sublimation of Blood     Necr           2%         N/A       30%         2
 Wereblood                Tmut           2%         N/A       30%         2
 Hailstorm                Conj/Ice       7%         3d4       32%         3
 Fulminant Prism          Conj/Hex       3%         3d5       73%         4
 Arcjolt                  Conj/Air       3%         1d13      97%         5
 Summon Hydra             Summ           1%         N/A       100%        7
 Maxwell's Capacitive Co  Air            1%         ∞         100%        8
 Vhi's Electric Charge    Tloc/Air       Unusable   N/A       N/A         3

Dungeon Overview and Level Annotations

Branches:
Dungeon (4/15)
 Temple: D:4-7

Altars:
Dithmenos
Fedhas
Nemelex Xobeh
Qazlal
Trog

Shops:
D:3 !

Annotations:
D:3 1 transporter, snackwell's ghost, amateur DsHW
D:4 Robin


Innate Abilities, Weirdness & Mutations

You cannot be hasted, slowed, berserked, paralysed or teleported.
You can dig through walls and to a lower floor.
You have a pair of large antennae on your head. (SInv)
Your four strong arms can wield two-handed weapons with a shield.


Message History

You miss the goblin.
The goblin is severely wounded.
The goblin barely misses you.
You hit the goblin.
You kill the goblin!
Qazlal accepts your kill.
You barely miss the goblin. Robin throws the goblin at you!
The goblin hits you with a +0 club. x2
You slash the goblin!
You kill the goblin!
Qazlal accepts your kill. The goblin hits you but does no damage.
You hit the goblin but do no damage. The goblin barely misses you.
The goblin hits you with a +0 dagger of venom.
* * * LOW HITPOINT WARNING * * *
You hit the goblin.
The goblin is moderately wounded.
The goblin hits you with a +0 club.
* * * LOW HITPOINT WARNING * * *
The goblin hits you with a +0 dagger of venom.
* * * LOW HITPOINT WARNING * * *
You closely miss the goblin.
The goblin is moderately wounded.
Robin throws the goblin at you!
* * * LOW HITPOINT WARNING * * *
The goblin closely misses you. The goblin barely misses you.
The goblin closely misses you.
You hit the goblin.
You kill the goblin!
Qazlal accepts your kill.
The goblin no longer looks unusually strong.
The goblin hits you but does no damage. The goblin barely misses you.
Robin roars a battlecry!
The goblin goes into a battle-frenzy!
The goblin hits you with a +0 club.
* * * LOW HITPOINT WARNING * * *
Things that are here:
a +0 club; a goblin corpse The goblin attacks as you move away!
The goblin hits you with a +0 club.
You die...

.#.........###.#{
##.......... ..#
##.......... #)#{
..†......... #.##
##.........# #gg#
####...#..## ##.#
.........## #g#
.###.##### #g##
####.# #g@####
###..# ##....#
..<..# ####.#
.....# #.# .....#
#.# .....######
#.# .#.........#
#.# .#.........#
#.# ...........#
#.#


You could see Robin, a hobgoblin (strong) and 3 goblins.

Vanquished Creatures
  Blork the orc (D:4)
  A hound (D:4)
  Ijyb (D:3)
  Natasha (thrice) (D:3)
  Terence (D:3)
  An orc wizard (D:4)
  10 gnolls
  2 adders
  2 worms
  3 dart slugs
  5 orcs
  5 endoplasms
  2 giant cockroaches (D:2)
  14 goblins
  4 hobgoblins
  3 jackals (D:1)
  9 kobolds
  5 quokkas
  4 ball pythons
  5 bats
  2 frilled lizards
  5 rats
88 creatures vanquished.

Notes
Turn   | Place    | Note
-------+----------+-------------------------------------------
     0 | D:1      | Midn8 the Formicid Reaver began the quest for the Orb.
     0 | D:1      | Reached XP level 1. HP: 16/16 MP: 3/3
   125 | D:1      | Reached XP level 2. HP: 16/22 MP: 5/5
   341 | D:1      | Learned a level 2 spell: Momentum Strike
   361 | D:1      | Reached skill level 4 in Long Blades
   361 | D:1      | Reached XP level 3. HP: 22/25 MP: 4/6
   452 | D:1      | Found a faded altar of an unknown god.
   467 | D:1      | Prayed at the altar of an unknown god.
   467 | D:1      | Became a worshipper of Qazlal Stormbringer
   467 | D:1      | Reached * piety under Qazlal
   869 | D:2      | Reached XP level 4. HP: 27/32 MP: 2/7
  1162 | D:2      | Identified the +8 spear of Gatecao {freeze, rN+ rCorr Int-3
                  | Stlth+}
  1326 | D:2      | Reached skill level 5 in Long Blades
  1538 | D:2      | Reached ** piety under Qazlal
  1634 | D:3      | Noticed Natasha
  1645 | D:3      | Killed Natasha
  1646 | D:3      | Reached skill level 1 in Invocations
  1646 | D:3      | Reached XP level 5. HP: 12/38 MP: 3/8
  1766 | D:3      | Noticed Natasha
  1770 | D:3      | Noticed Ijyb
  1770 | D:3      | Killed Natasha
  1798 | D:3      | Killed Ijyb
  1894 | D:3      | Found Qestozi's Distillery.
  1902 | D:3      | Bought a potion of brilliance for 52 gold pieces
  2050 | D:3      | Noticed Natasha
  2056 | D:3      | Killed Natasha
  2137 | D:3      | Reached XP level 6. HP: 33/34 MP: 9/9
  2144 | D:3      | Noticed snackwell's ghost (amateur DsHW)
  2146 | D:3      | Identified the +2 dire flail "Wer Dimn" {spect, Drain rC+
                  | rN+++ Stlth+}
  2146 | D:3      | Noticed an ogre
  2147 | D:3      | Found a transporter.
  2209 | D:3      | Found a shadowy altar of Dithmenos.
  2209 | D:3      | Noticed Terence
  2219 | D:3      | Found a sparkling altar of Nemelex Xobeh.
  2259 | D:3      | Killed Terence
  2750 | D:3      | Found a bloodstained altar of Trog.
  3196 | D:4      | Reached skill level 6 in Long Blades
  3346 | D:4      | Found a blossoming altar of Fedhas.
  3468 | D:4      | Reached XP level 7. HP: 12/44 MP: 9/11
  3624 | D:4      | Noticed Blork the orc
  3631 | D:4      | Noticed Robin
  3635 | D:4      | Killed Blork the orc
  3660 | D:4      | Slain by a goblin

Illustrated notes

Levels and vault maps discovered:
D:1:      pf_arrival_petrified_forest, layout_basic,
          shapermc_ecumenical_altar_mp_ritualfount
D:2:      layout_basic, serial_curves, eino_curves_04, eino_curves_01,
          eino_curves_02, minmay_misc_feat_iff, feat_on_display
D:3:      layout_loops_cross, trog_book, jmf_multi_god_temple, serial_shops,
          nicolae_shop_industrial_runoff, gammafunk_ghost_smash, uniq_terence,
          uniq_ijyb, uniq_natasha
D:4:      layout_rooms, fedhas_altar_fruit_tree, minmay_misc_feat_four_crosses,
          nicolae_elemental_shop, uniq_blork_the_orc, uniq_robin

Skill      XL: |  1  2  3  4  5  6  7 |
---------------+----------------------+-----
Long Blades    | 4 5 6 |  6.0
Invocations    | 1 3 4 |  4.0
Conjurations   | 3 |  3.6
Spellcasting   | 3 |  3.0
Fighting       | |  2.1
Dodging        | |  1.7

Action                     |  1- 3 |  4- 6 |  7- 9 || total
---------------------------+-------+-------+-------++-------
  Melee: Falchion          |    65 |   191 |    39 ||   295
         Punch             |       |     1 |       ||     1
   Cast: Kiss of Death     |     1 |     4 |       ||     5
         Momentum Strike   |     3 |     4 |     1 ||     8
 Invoke: Upheaval          |       |     2 |     1 ||     3
Ability: Dig               |     1 |       |       ||     1
    Use: Scroll            |     6 |     2 |       ||     8
 Armour: Leather armour    |    17 |    33 |    10 ||    60
  Dodge: Dodged            |    40 |   109 |    27 ||   176
  Block: Other             |       |    22 |     4 ||    26

Table legend: (Time is in decaauts)
 A = Elapsed time spent in this place.
 B = Non-inter-level travel time spent in this place.
 C = Inter-level travel time spent in this place.
 D = Time resting spent in this place.
 E = Time spent auto-exploring this place.
 F = Levels seen in this place.
 G = Mean time per level.
                   A        B        C        D        E       F      G
               +--------+--------+--------+--------+--------+-----+--------+
         Total |   3680 |   3449 |    231 |   1007 |   1595 |   4 |  920.0 |
       Dungeon |   3680 |   3449 |    231 |   1007 |   1595 |   4 |  920.0 |
               +--------+--------+--------+--------+--------+-----+--------+

Top non-repeatable levels by time:
     D:3: 1378 daAuts
     D:2: 1022 daAuts
     D:1: 833 daAuts
     D:4: 446 daAuts
